 Dungeon Crawl Stone Soup version 0.31.0-32-g396128a36d (webtiles) character file.

Game seed: 16698686187648866683

75 Doomgape the Trooper (level 4, 0/29 HPs)
             Began as a Gargoyle Fighter on Mar 16, 2024.
             Slain by Jessica
             ... wielding a +0 club
              (5 damage)
             ... on level 3 of the Dungeon.
             The game lasted 00:04:47 (1963 turns).

Doomgape the Trooper (Gargoyle Fighter)             Turns: 1963, Time: 00:04:48

Health: 0/29       AC:  0    Str: 21    XL:     4   Next: 31%
Magic:  4/4        EV: 17    Int:  9    God:
Gold:   120        SH:  0    Dex: 14    Spells: 3/3 levels left

rFire   . . .        s - melded +0 falchion (flame)
rCold   . . .        c - melded +0 buckler
rNeg    + . .        t - melded +0 plate armour
rPois   ∞            (helmet currently unavailable)
rElec   .            (cloak currently unavailable)
rCorr   .            (gloves currently unavailable)
SInv    .            (boots currently unavailable)
Will    .....        (no amulet)
Stlth   +            (ring currently unavailable)
HPRegen 0.24/turn    (ring currently unavailable)
MPRegen 0.09/turn

%: no passive effects
@: bat-form, flying, very quick
A: fast, flying, no casting, sickness immunity, AC +3, tiny, negative energy
resistance 1, (electricity resistance), torment resistance 1, petrification
resistance
a: no special abilities


You were on level 3 of the Dungeon.
You were a bat.
You visited 1 branch of the dungeon, and saw 3 of its levels.

You collected 120 gold pieces.

Inventory:

Hand Weapons
 a - a +0 flail
 s - a +0 falchion of flaming (melded)
Missiles
 r - a throwing net (quivered)
Armour
 c - a +0 buckler (melded)
 t - a +0 plate armour (melded)
Jewellery
 q - a ring of wizardry
Scrolls
 g - a scroll of enchant weapon {unknown}
 i - a scroll of vulnerability {unknown}
 l - a scroll of identify {unknown}
 m - a scroll of acquirement {unknown}
 p - 2 scrolls of teleportation {unknown}
Potions
 b - 3 potions of cancellation {unknown}
 d - a potion of might
 e - a potion of attraction {unknown}
 f - a potion of resistance {unknown}
 h - a potion of heal wounds {unknown}
 j - 4 potions of curing {unknown}
 n - a potion of haste {unknown}
 o - a potion of enlightenment {unknown}


   Skills:
 + Level 4.2 Fighting
 + Level 0.7 Long Blades
 - Level 2.7 Maces & Flails
 + Level 4.1 Armour
 - Level 3.2 Shields


You had 3 spell levels left.
You didn't know any spells.
Your spell library was empty.

Dungeon Overview and Level Annotations

Branches:
Dungeon (3/15)

Altars:

Annotations:
D:3 Jessica


Innate Abilities, Weirdness & Mutations

You are a bat.
You are tiny and dextrous.
You move quickly.
You are flying.
Your equipment is almost entirely melded.
You are incapable of wielding weapons or throwing items.
You cannot cast spells.
You are immune to sickness and miasma.
((Your stone body is resilient. (AC +3)))
You are immune to poison.
You resist negative energy. (rN+)
((You are resistant to electric shocks. (rElec)))
You are resistant to unholy torment.
You are immune to petrification.


Message History

Jessica gestures wildly while chanting.
Jessica seems to speed up.
Things that are here:
a +0 club; a goblin corpse Unknown command.
The bat hits you but does no damage.
Things that are here:
a +0 club; a goblin corpse You closely miss the bat.
The bat hits you but does no damage. x3
You barely miss the bat. The bat hits you but does no damage.
Jessica zaps a wand.
You resist with some effort.
You barely miss Jessica.
Jessica zaps a wand.
You turn into a bat.
Your +0 falchion of flaming melds into your body.
Your +0 buckler melds into your body.
Your +0 plate armour melds into your body.
Your +0 falchion of flaming stops flaming.
Jessica barely misses you.
You hit Jessica.
Jessica is moderately wounded.
Jessica gestures wildly.
Jessica misses you.
Jessica points at you and mumbles some strange words.
Pain shoots through your body!
You closely miss Jessica.
Jessica is moderately wounded.
Jessica says, "I'm really upset."
Jessica hits you with a +0 club.
You hit Jessica.
Jessica is moderately wounded.
Jessica hits you with a +0 club!
* * * LOW HITPOINT WARNING * * *
Unknown command.
Jessica attacks as she pursues you! Jessica completely misses you.
Jessica attacks as she pursues you! Jessica hits you with a +0 club.
* * * LOW HITPOINT WARNING * * *
The bat attacks as it pursues you! The bat misses you.
Unknown command.
The bat misses you. Jessica attacks as she pursues you!
Jessica hits you with a +0 club.
You die...

######## #......# .#
#......# .# ####
#......# .###
...#####......#####...
..............'......
...##.##......###.#.#
...##†######....b.#.#
####..# #†##@#...# .#
## #..# #.##b.####.#
..# ..
...######.##.......#
...
####.###.....##..######
..# .... ...........#
#.# #.##..##.#....##.#
#.# ..............b..#
####.#
.......#.#....####
#....#


You could see Jessica (fast) and a bat.

Vanquished Creatures
  Terence (D:3)
  An adder (D:2)
  A ribbon worm (D:3)
  4 bats
  3 endoplasms (D:1)
  3 goblins
  6 hobgoblins
  2 quokkas (D:1)
  7 ball pythons
  4 frilled lizards
  2 kobolds (D:1)
  5 rats
39 creatures vanquished.

Notes
Turn   | Place    | Note
-------+----------+-------------------------------------------
     0 | D:1      | Doomgape the Gargoyle Fighter began the quest for the Orb.
     0 | D:1      | Reached XP level 1. HP: 14/14 MP: 1/1
   190 | D:1      | Reached XP level 2. HP: 19/19 MP: 2/2
   739 | D:2      | Reached XP level 3. HP: 24/24 MP: 3/3
  1825 | D:3      | Noticed Terence
  1844 | D:3      | Killed Terence
  1845 | D:3      | Reached XP level 4. HP: 26/29 MP: 4/4
  1927 | D:3      | Noticed Jessica
  1963 | D:3      | Slain by Jessica

Illustrated notes

Levels and vault maps discovered:
D:1:      dpeg_arrival_fog, layout_loops_ring, minmay_misc_feat_columns
D:2:      layout_loops_corners, chequers_serial_rivers_room_b,
          minmay_box_of_dots
D:3:      minmay_evil_eye, layout_basic, uniq_jessica, uniq_terence

Skill      XL: |  1  2  3 |
---------------+----------+-----
Fighting       | 4 |  4.2
Armour         | 4 |  4.1
Long Blades    | |  0.7
Maces & Flails | |  2.7
Shields        | |  3.2

Action                     |  1- 3 |  4- 6 || total
---------------------------+-------+-------++-------
  Melee: Flail             |   107 |       ||   107
         Falchion          |    17 |    20 ||    37
         Unarmed           |       |     3 ||     3
    Use: Scroll            |     1 |       ||     1
 Armour: Scale mail        |    45 |       ||    45
         Chain mail        |    34 |       ||    34
         Plate armour      |    13 |    25 ||    38
         Skin              |       |     4 ||     4
  Dodge: Dodged            |    42 |    11 ||    53
  Block: Buckler           |    31 |     6 ||    37
